 Dungeon Crawl Stone Soup version 0.29.1-15-g9cfb28693d (console) character file.

Game seed: 16376707907592448811

119 om the Trooper (level 4, -1/37 HPs)
             Began as a Palentonga Fighter on Apr 14, 2023.
             Succumbed to an adder's poison
             ... on level 3 of the Dungeon.
             The game lasted 00:05:35 (1703 turns).

om the Trooper (Palentonga Fighter)                 Turns: 1703, Time: 00:05:36

Health: -1/37      AC:  6    Str: 22 (24) XL:     4   Next: 74%
Magic:  4/4        EV:  7    Int:  6 (8)  God:
Gold:   129        SH:  5    Dex: 14 (15) Spells: 3/3 levels left

rFire   . . .      SeeInvis +   a - +0 flail
rCold   . . .      Faith    .   c - +0 buckler
rNeg    . . .      Spirit   .   b - +0 scale mail
rPois   .          Reflect  .   (no helmet)
rElec   .          Harm     .   (no cloak)
rCorr   .          Rampage  .   (no gloves)
Will    .....                   (no barding)
Stlth   ..........              (no amulet)
HPRegen 0.12/turn               i - +6 ring of dexterity
MPRegen 0.09/turn               (no ring)

@: mighty, lethally poisoned (-1 -> -9), about to teleport, flying
A: large, rugged brown scales 3, see invisible, deformed body, roll 1, armoured
tail
a: Rolling Charge


You were on level 3 of the Dungeon.
You visited 1 branch of the dungeon, and saw 3 of its levels.

You collected 129 gold pieces.

Inventory:

Hand Weapons
 a - a +0 flail (weapon)
 l - the +5 hand axe of Vanity {venom, rF+}
   (You found it on level 3 of the Dungeon)

   It poisons the flesh of those it strikes.
   rF:        It protects you from fire.
Armour
 b - a +0 scale mail (worn)
 c - a +0 buckler (worn)
Jewellery
 i - a +6 ring of dexterity (left hand)
Wands
 h - a wand of polymorph (7)
Scrolls
 j - a scroll of amnesia {unknown}
 k - a scroll of vulnerability {unknown}
 m - a scroll of torment {unknown}
Potions
 d - a potion of might
 f - a potion of degeneration


   Skills:
 + Level 3.5 Fighting
 * Level 3.3 Maces & Flails
 + Level 2.8 Armour
 * Level 3.5 Shields


You had 3 spell levels left.
You didn't know any spells.
Your spell library contained the following spells:

 Spells                   Type           Power      Damage    Failure   Level
 Summon Small Mammal      Summ           0%         N/A       85%         1
 Poisonous Vapours        Pois/Air       0%         N/A       94%         2
 Confusing Touch          Hex            0%         N/A       99%         3
 Corpse Rot               Necr/Pois/Air  0%         N/A       100%        4
 Yara's Violent Unravell  Hex/Tmut       0%         3d3       100%        5
 Enfeeble                 Hex            0%         N/A       100%        7


Dungeon Overview and Level Annotations

Branches:
Dungeon (3/15)

Altars:
Kikubaaqudgha
Sif Muna
Vehumet

Annotations:
D:3 Natasha


Innate Abilities, Weirdness & Mutations

You are completely covered in rugged brown scales. (AC +3, +7% HP)
You have supernaturally acute eyesight. (SInv)
Armour fits poorly on your strangely shaped body.
You can roll at nearby foes to attack.
You have a long armoured tail.


Message History

The orc closely misses you.
You feel sick. The adder bites you.
You are more poisoned.
The adder poisons you!
Natasha extends her claws.
You feel sick. The adder bites you.
You are more poisoned.
The adder poisons you!
* * * LOW HITPOINT WARNING * * *
You feel very sick.
* * * LOW HITPOINT WARNING * * *
You feel sick.
* * * LOW HITPOINT WARNING * * *
You feel sick.
Natasha casts a spell.
It was a potion of degeneration.
There was something very wrong with that liquid.
You feel weakened.
You feel dopey.
You feel clumsy.
You feel sick. You block the adder's attack. The adder bites you.
* * * LOW HITPOINT WARNING * * *
You feel very mighty all of a sudden.
* * * LOW HITPOINT WARNING * * *
You feel sick. The adder closely misses you.
It was a potion of flight.
You feel very buoyant.
You fly up into the air.
* * * LOW HITPOINT WARNING * * *
You feel sick. You block the adder's attack.
As you read the scroll labelled HUEXAF ENUU, it crumbles to dust.
You feel strangely unstable.
It was a scroll of teleportation.
* * * LOW HITPOINT WARNING * * *
You feel sick. The adder bites you.
* * * LOW HITPOINT WARNING * * *
You are more poisoned.
The adder poisons you!
Natasha mumbles some strange words.
Natasha glows brightly for a moment.
You block the adder's attack.
The shadow imp shouts, "Bolt, thou qualling hedge-born fleecer!"
You die...

#### .## ### #~~~~ ..#
#.###~~~~~ #.# #....~~... .#
#.# #...~~.... #..# #.#
#..~....~~ # #..######.#
#.[)..~~?. .
......##.#########K..~~...( #
..#..........@.Sh55.....⌠~~
####.##..##.########o.....~~⌠.
##.#.##..##.# ##....~....
..#..##..##.# #....~..~~
.###........# #.....~~..
#.#.####.#### #....^.... ##.#
#.# #........~ ##.#####.#
#.###~~~~ <........# ####


You could see Natasha, an adder, a white imp (summoned), a shadow imp
(summoned), an orc and a kobold.

Vanquished Creatures
  Jessica (D:2)
  Natasha (D:3)
  An adder (D:2)
  3 dart slugs
  An orc (D:3)
  6 bats
  8 endoplasms
  2 giant cockroaches (D:2)
  8 goblins
  4 hobgoblins
  2 kobolds (D:2)
  A quokka (D:2)
  4 ball pythons
  3 frilled lizards
  4 rats
49 creatures vanquished.

Vanquished Creatures (others)
  A plant (D:2)
1 creature vanquished.

Grand Total: 50 creatures vanquished

Notes
Turn   | Place    | Note
-------+----------+-------------------------------------------
     0 | D:1      | om the Palentonga Fighter began the quest for the Orb.
     0 | D:1      | Reached XP level 1. HP: 19/19 MP: 1/1
    64 | D:1      | Reached XP level 2. HP: 18/25 MP: 2/2
   774 | D:1      | Reached XP level 3. HP: 30/31 MP: 3/3
   904 | D:2      | Noticed Jessica
   913 | D:2      | Killed Jessica
  1040 | D:2      | Reached XP level 4. HP: 37/37 MP: 4/4
  1311 | D:2      | Found a faded altar of an unknown god.
  1520 | D:3      | Noticed Natasha
  1522 | D:3      | Killed Natasha
  1523 | D:3      | Found a radiant altar of Vehumet.
  1534 | D:3      | Found an ancient bone altar of Kikubaaqudgha.
  1535 | D:3      | Found a shimmering blue altar of Sif Muna.
  1540 | D:3      | Got Sif Muna's Disquisition on Assembling
  1603 | D:3      | Identified the +5 hand axe of Vanity {venom, rF+}
  1685 | D:3      | Noticed Natasha
  1702 | D:3      | HP: 1/37 [adder (1)]
  1703 | D:3      | Succumbed to an adder's poison

Illustrated notes

Levels and vault maps discovered:
D:1:      psy_arrival_whirlpool, layout_basic
D:2:      layout_loops_ring, shapermc_ecumenical_altar_mp_ritualfount,
          uniq_jessica, uniq_crazy_yiuf_cottage
D:3:      cheibrodos_helix_gallery, layout_loops_ring,
          grunt_temple_overflow_magic_moments, uniq_natasha

Skill      XL: |  1  2  3 |
---------------+----------+-----
Shields        | 3 |  3.5
Maces & Flails | 3 |  3.3
Fighting       | |  3.5
Armour         | |  2.8

Action                   |  1- 3 |  4- 6 || total
-------------------------+-------+-------++-------
Melee: Flail             |    82 |    33 ||   115
       Tailslap          |     9 |     4 ||    13
       Unarmed           |     6 |       ||     6
 Abil: Rolling Charge    |    12 |     8 ||    20
  Use: Scroll            |     1 |     1 ||     2
       Potion            |       |     3 ||     3
Armor: Scale mail        |    40 |    17 ||    57
Dodge: Dodged            |    29 |    17 ||    46
Block: Buckler           |    21 |    10 ||    31
